 Dungeon Crawl Stone Soup version 0.27-a0-931-g5a74e75d8f (webtiles) character file.

Game seed: 1998988629854346229

3948 Alarkh the Martial Artist (level 10, -1/88 HPs)
             Began as a Demonspawn Gladiator on Apr 10, 2021.
             Was a Believer of Qazlal.
             Slain by Erica
             ... wielding a +1 scimitar of flaming
              (10 damage)
             ... on level 8 of the Dungeon.
             The game lasted 00:07:38 (5949 turns).

Alarkh the Martial Artist (Demonspawn Gladiator)    Turns: 5949, Time: 00:07:39

Health: -1/88      AC: 12    Str: 21    XL:     10   Next: 2%
Magic:  10/10      EV: 19    Int: 12    God:    Qazlal [**....]
Gold:   499        SH:  8    Dex: 15    Spells: 9/9 levels left

rFire    . . .     SeeInvis .     - Unarmed
rCold    . . .     Faith    .   (shield currently unavailable)
rNeg     + + +     Spirit   .   (armour currently unavailable)
rPois    +         Reflect  +   (helmet currently unavailable)
rElec    .         Harm     .   (cloak currently unavailable)
rCorr    .         Rampage  .   (gloves currently unavailable)
Will     .....                  (boots currently unavailable)
Stlth    +.........             x - amulet of reflection
HPRegen  0.24/turn              h - +6 ring of strength
MPRegen  0.12/turn              D - ring of positive energy

@: fungus-form (expiring), very slightly contaminated, slowed, invisible, very
slow
A: melee confuse, terrified, no casting, tiny, (talons 1), icemail 1, powered by
death 1, (sharp scales 2), condensation shield, robust 1, (sturdy frame 1)
a: Renounce Religion, Upheaval


You were on level 8 of the Dungeon.
You worshipped Qazlal.
Qazlal was pleased with you.
You were a sentient fungus.
You visited 2 branches of the dungeon, and saw 9 of its levels.

You collected 499 gold pieces.

Inventory:

Missiles
 c - 5 throwing nets (quivered)
 q - 14 poisoned darts
Armour
 a - a +0 leather armour (melded)
 b - a +0 helmet
 o - a +0 cloak (melded)
 y - a +0 buckler (melded)
Magical Staves
 d - a staff of fire
 e - a staff of poison
Jewellery
 h - a +6 ring of strength (left hypha)
 m - a +6 ring of dexterity
 x - an amulet of reflection (around neck)
 C - an amulet of guardian spirit
 D - a ring of positive energy (right hypha)
 G - a ring of magical power
 I - a ring of poison resistance
 J - an amulet of faith
Wands
 n - a wand of acid (10)
 p - a wand of random effects (11)
 B - a wand of iceblast (8)
 E - a wand of digging (4)
Scrolls
 f - a scroll of acquirement {unknown}
 i - a scroll of fear {unknown}
 j - 2 scrolls of blinking {unknown}
 k - a scroll of noise {unknown}
 l - 3 scrolls of immolation {unknown}
 r - 2 scrolls of enchant armour {unknown}
 s - 6 scrolls of identify {unknown}
 t - a scroll of holy word {unknown}
 u - a scroll of enchant weapon {unknown}
 w - 4 scrolls of teleportation {unknown}
Potions
 v - a potion of brilliance {unknown}
 z - a potion of resistance {unknown}
 A - a potion of ambrosia {unknown}
 F - a potion of curing {unknown}
 H - a potion of flight {unknown}


   Skills:
 + Level 8.1 Fighting
 - Level 1.7 Throwing
 - Level 2.6 Dodging
 - Level 4.0 Shields
 * Level 10.6 Unarmed Combat


You had 9 spell levels left.
You didn't know any spells.
Your spell library was empty.

Dungeon Overview and Level Annotations

Branches:
Dungeon (8/15)             Temple (1/1) D:4
   Lair: D:8-11

Altars:
Ashenzari
Cheibriados
Dithmenos
Elyvilon
Fedhas
Gozag
Hepliaklqana
Kikubaaqudgha
Makhleb
Nemelex Xobeh
Okawaru
Qazlal
Ru
Sif Muna
Trog
Uskayaw
Vehumet
Wu Jian
Xom
Yredelemnul
Zin
Beogh

Shops:
D:3 *   D:5 :   D:7 (

Annotations:
D:3 3 runed translucent doors, PeterMcNeter's ghost, amateur BaFi
D:8 Erica


Innate Abilities, Weirdness & Mutations

You are a sentient fungus.
You are tiny and evasive.
Your melee attack releases spores that confuse breathing creatures.
You become terrified and freeze when enemies are visible.
Your armour is entirely melded.
You are incapable of wielding weapons or throwing items.
You cannot cast spells.
((You have sharp toenails.))
A meltable icy envelope protects you from harm. (AC +0)
You regenerate a little health from kills.
((You are mostly covered in razor-sharp scales. (AC +2, Slay +2)))
A meltable shield of frost defends you. (SH +0)
You are robust. (+10% HP)
((Your movements are slightly less encumbered by armour. (ER -2)))


Message History

You are too injured to fight recklessly!
You release spores at the orc warrior but do no damage.
You block the wight's attack. The orc warrior misses you.
Something hits you but does no damage. The wight completely misses you.
You release spores at the orc warrior but do no damage.
The orc warrior appears confused.
The orc warrior hits the orc with a +0 battleaxe!
The orc is killed!
Qazlal accepts your kill. You block the orc warrior's attack.
Something hits you. Something burns you. You block the wight's attack.
You release spores at the wight.
The wight is lightly damaged.
You block something's attack.
The wight is engulfed in freezing vapours.
The wight barely misses you. Something hits you!
* * * LOW HITPOINT WARNING * * *
Something burns you!
* * * LOW HITPOINT WARNING * * *
Unknown command.
You fade into invisibility!
The wight is engulfed in freezing vapours.
You block the wight's attack. The orc hits you but does no damage.
Something barely misses you. The orc warrior misses you.
The wight is engulfed in freezing vapours.
The wight misses you.
You are very lightly contaminated with residual magic.
You release spores at the orc warrior.
The orc warrior appears confused.
The orc warrior is lightly wounded.
You block the orc's attack.
You hear some strange, mumbled words.
The wight misses you. You block the orc's attack.
You release spores at the orc.
The orc is moderately wounded.
You block something's attack. The wight closely misses you. The orc misses you.
You release spores at the orc warrior.
The orc warrior appears confused.
The orc warrior is lightly wounded.
Your transformation is almost over.
Something hits you!
You die...

#.............## #.
#......######..# .....
.......# #..## #....
........ #...##....##
.....##..###..........#
...........?....#
...............#
.........z○°.###
...<.....of..#
......)).{o###
...........#
..........##
...........
..#........#
.##.........
..........#


You could see an orc warrior (confused), a wight and an orc.

Vanquished Creatures
  Harold (D:7)
  Joseph (D:8)
  Psyche (D:8)
  Sigmund (D:5)
  A shadow (D:7)
  3 yaks
  Menkaure (D:7)
  A water moccasin (D:7)
  2 sky beasts
  2 ogres
  2 necrophages
  A centaur (D:7)
  A bullfrog (D:6)
  A wyvern zombie (D:5)
  2 scorpions
  A water moccasin skeleton (D:4)
  3 vampire bats (D:3)
  2 wights (D:8)
  3 hounds
  2 jellies
  2 orc priests
  2 centaur skeletons (D:7)
  Crazy Yiuf (D:2)
  2 iguanas (D:7)
  Ijyb (D:3)
  3 orc wizards
  A howler monkey zombie (D:4)
  Robin (D:2)
  4 gnolls (D:4)
  2 adders
  A white imp (D:6)
  An ufetubus (D:5)
  2 adder skeletons
  3 worms
  3 dart slugs
  19 orcs
  8 bats
  9 endoplasms
  2 giant cockroaches (D:2)
  7 goblins
  10 hobgoblins
  3 jackals (D:1)
  6 kobolds
  3 quokkas (D:4)
  6 ball pythons
  A frilled lizard (D:1)
  5 rats
140 creatures vanquished.

Vanquished Creatures (others)
  An orc (D:8)
  A plant (D:3)
  4 toadstools (D:1)
6 creatures vanquished.

Grand Total: 146 creatures vanquished

Notes
Turn   | Place    | Note
-------+----------+-------------------------------------------
     0 | D:1      | Alarkh the Demonspawn Gladiator began the quest for the
                  | Orb.
     0 | D:1      | Reached XP level 1. HP: 16/16 MP: 1/1
    58 | D:1      | Found a faded altar of an unknown god.
   137 | D:1      | Reached skill level 3 in Unarmed Combat
   156 | D:1      | Gained mutation: You regenerate a little health from kills.
                  | [demonic ancestry]
   156 | D:1      | Reached XP level 2. HP: 6/22 MP: 2/2
   836 | D:2      | Gained mutation: A meltable shield of frost defends you.
                  | (SH +0) [demonic ancestry]
   836 | D:2      | Reached XP level 3. HP: 22/28 MP: 3/3
  1584 | D:2      | Found a runed translucent door.
  1585 | D:2      | Noticed Crazy Yiuf
  1708 | D:2      | Noticed Robin
  1745 | D:2      | Killed Robin
  1746 | D:2      | Reached skill level 4 in Unarmed Combat
  1747 | D:2      | Reached XP level 4. HP: 18/34 MP: 4/4
  1862 | D:2      | Killed Crazy Yiuf
  1887 | D:3      | Noticed Ijyb
  2058 | D:3      | Killed Ijyb
  2148 | D:3      | Gained mutation: You are partially covered in razor-sharp
                  | scales. (AC +1, Slay +1) [demonic ancestry]
  2148 | D:3      | Reached XP level 5. HP: 36/41 MP: 5/5
  2178 | D:3      | Found a stormy altar of Qazlal.
  2245 | D:3      | Became a worshipper of Qazlal Stormbringer
  2423 | D:3      | Found a shimmering altar of Xom.
  2454 | D:3      | Found Zobotuic's General Store.
  2533 | D:3      | Found a runed translucent gate.
  2534 | D:3      | Found a runed translucent gate.
  2535 | D:3      | Found a runed translucent gate.
  2536 | D:3      | Noticed PeterMcNeter's ghost (amateur BaFi)
  2538 | D:3      | Identified the +10 mace "Kolalau" {vorpal, rPois rF- rN+++
                  | Str-3}
  2595 | D:3      | Reached skill level 5 in Unarmed Combat
  2598 | D:3      | Gained mutation: You have sharp toenails. [demonic
                  | ancestry]
  2598 | D:3      | Reached XP level 6. HP: 44/48 MP: 6/6
  2659 | D:3      | Found an opulent altar of Gozag.
  3042 | D:4      | Found a hide-covered altar of Uskayaw.
  3042 | D:4      | Found an iron altar of Okawaru.
  3137 | D:4      | Reached skill level 6 in Unarmed Combat
  3208 | D:4      | Reached * piety under Qazlal
  3296 | D:4      | Found a staircase to the Ecumenical Temple.
  3358 | Temple   | Entered the Ecumenical Temple
  3490 | D:4      | Reached XP level 7. HP: 48/55 MP: 7/7
  3922 | D:5      | Entered Level 5 of the Dungeon
  3924 | D:5      | Noticed Sigmund
  3928 | D:5      | Killed Sigmund
  3929 | D:5      | Reached skill level 1 in Shields
  3991 | D:5      | Reached skill level 5 in Fighting
  4291 | D:5      | Reached skill level 7 in Unarmed Combat
  4343 | D:5      | Identified the +2 hand axe of Urgency {drain, rC+}
  4382 | D:5      | Identified the +7 spear "Boycysi" {flame, Stlth+}
  4395 | D:5      | Gained mutation: A meltable icy envelope protects you from
                  | harm. (AC +0) [demonic ancestry]
  4395 | D:5      | Reached XP level 8. HP: 56/63 MP: 8/8
  4666 | D:5      | Found Ficikaiz's Book Emporium.
  4977 | D:6      | Reached skill level 8 in Unarmed Combat
  4991 | D:6      | Reached ** piety under Qazlal
  5032 | D:6      | You fall into a shaft and drop 2 floors!
  5099 | D:7      | Noticed Menkaure
  5105 | D:7      | Killed Menkaure
  5167 | D:7      | Gained mutation: You are mostly covered in razor-sharp
                  | scales. (AC +2, Slay +2) [demonic ancestry]
  5167 | D:7      | Reached XP level 9. HP: 60/71 MP: 9/9
  5401 | D:7      | Found Xuameasui's Antique Weapon Shop.
  5441 | D:7      | Noticed Harold
  5460 | D:7      | Gained mutation: You are dopey. (Int -2) [potion of
                  | mutation]
  5460 | D:7      | Gained mutation: You have a pair of small antennae on your
                  | head. [potion of mutation]
  5465 | D:7      | Reached skill level 9 in Unarmed Combat
  5466 | D:7      | Killed Harold
  5769 | D:7      | Lost mutation: You have a pair of small antennae on your
                  | head. [potion of mutation]
  5769 | D:7      | Lost mutation: You are dopey. (Int -2) [potion of mutation]
  5769 | D:7      | Gained mutation: Your movements are slightly less
                  | encumbered by armour. (ER -2) [potion of mutation]
  5769 | D:7      | Gained mutation: You are robust. (+10% HP) [potion of
                  | mutation]
  5889 | D:8      | Reached skill level 10 in Unarmed Combat
  5922 | D:8      | Noticed Joseph
  5924 | D:8      | Noticed Erica
  5925 | D:8      | Noticed Psyche
  5932 | D:8      | Killed Joseph
  5932 | D:8      | Killed Psyche
  5938 | D:8      | Reached XP level 10. HP: 67/88 MP: 10/10
  5949 | D:8      | Slain by Erica

Illustrated notes

Levels and vault maps discovered:
D:1:      ldierk_walled_garden_2, layout_loops_ring,
          shapermc_ecumenical_altar_mp_highgroup
D:2:      layout_basic, minmay_misc_feat_roman, uniq_crazy_yiuf_cottage,
          uniq_robin
D:3:      layout_loops_ring, grunt_gozag_breadcrumbs, amcnicky_altar_gilded,
          lemuel_doored_altar, biasface_ghost_orc_armoury, serial_shops, shop,
          roderic_batcave, minmay_misc_feat_cross, serial_bayou_crossing,
          uniq_ijyb
D:4:      layout_loops_cross, amethyst_overflow_temple_binary, temple_green
D:5:      layout_loops_cross, serial_shops, kennysheep_mini, uniq_sigmund
D:6:      layout_gridville
D:7:      layout_basic, serial_shops, shop, uniq_harold, uniq_menkaure
D:8:      layout_cave_pools, old_standard_altar, uniq_joseph, uniq_erica,
          uniq_psyche
Temple:   kb_temple_of_zot

Skill      XL: |  1  2  3  4  5  6  7  8  9 |
---------------+----------------------------+-----
Unarmed Combat | 3 4 5 6 7 8 10 | 10.6
Fighting       | 3 4 5 6 8 |  8.1
Shields        | 2 3 4 |  4.0
Throwing       | |  1.7
Dodging        | |  2.6

Action                   |  1- 3 |  4- 6 |  7- 9 | 10-12 || total
-------------------------+-------+-------+-------+-------++-------
Melee: Unarmed           |   164 |   177 |   174 |    11 ||   526
       Punch             |     3 |     7 |       |       ||    10
       Kick              |       |    29 |    74 |       ||   103
Throw: Throwing net      |     1 |     1 |       |       ||     2
  Use: Potion            |     1 |       |     3 |     1 ||     5
 Stab: Sleeping          |     1 |     2 |       |       ||     3
       Held in net/web   |       |     1 |       |       ||     1
Armor: Leather armour    |    35 |    44 |    26 |       ||   105
       Skin              |       |       |     7 |     2 ||     9
Dodge: Dodged            |    85 |    86 |    43 |    13 ||   227
Block: Other             |     7 |    35 |     5 |    11 ||    58
       Buckler           |       |       |   135 |       ||   135
       Reflection        |       |       |     7 |       ||     7

Table legend: (Time is in decaauts)
 A = Elapsed time spent in this place.
 B = Non-inter-level travel time spent in this place.
 C = Inter-level travel time spent in this place.
 D = Time resting spent in this place.
 E = Time spent auto-exploring this place.
 F = Levels seen in this place.
 G = Mean time per level.
                   A        B        C        D        E       F      G
               +--------+--------+--------+--------+--------+-----+--------+
         Total |   5911 |   5528 |    383 |    456 |   4089 |   9 |  656.8 |
       Dungeon |   5792 |   5426 |    366 |    456 |   3987 |   8 |  724.0 |
        Temple |    118 |    102 |     16 |      0 |    102 |   1 |  118.0 |
               +--------+--------+--------+--------+--------+-----+--------+

Top non-repeatable levels by time:
     D:2: 1250 daAuts
     D:3: 1024 daAuts
     D:5: 869 daAuts
     D:1: 854 daAuts
     D:7: 825 daAuts
     D:4: 652 daAuts
     D:6: 231 daAuts
  Temple: 118 daAuts
     D:8: 85 daAuts
